 Dungeon Crawl Stone Soup version 0.29-a0-90-gc37658a0fe (webtiles) character file.

Game seed: 13072766922880233147

44 lordive the Sneak (level 3, -2/16 HPs)
             Began as a Spriggan Enchanter on Feb 7, 2022.
             Slain by a water moccasin skeleton (4 damage)
             ... on level 4 of the Dungeon.
             The game lasted 00:02:09 (1064 turns).

lordive the Sneak (Spriggan Enchanter)              Turns: 1064, Time: 00:02:10

Health: -2/16      AC:  2    Str:  4    XL:     3   Next: 39%
Magic:  5/8        EV: 17    Int: 18    God:
Gold:   68         SH:  0    Dex: 15    Spells: 3/8 levels left

rFire   . . .      SeeInvis +   a - +1 dagger
rCold   . . .      Faith    .   (no shield)
rNeg    . . .      Spirit   .   b - +0 robe
rPois   .          Reflect  .   (helmet restricted)
rElec   .          Harm     .   (no cloak)
rCorr   .          Rampage  .   (gloves unavailable)
Will    .....                   (boots unavailable)
Stlth   +++.......              (no amulet)
HPRegen 0.05/turn               (no ring)
MPRegen 0.11/turn               (no ring)

@: confusing by touch, very quick
A: very small, no large weapons, unfitting armour, see invisible, speed 3
a: no special abilities


You were on level 4 of the Dungeon.
You visited 1 branch of the dungeon, and saw 4 of its levels.

You collected 68 gold pieces.

Inventory:

Hand Weapons
 a - a +1 dagger (weapon)
Armour
 b - a +0 robe (worn)
Scrolls
 d - 2 scrolls of vulnerability {unknown}
 e - 2 scrolls of immolation {unknown}
Potions
 c - a potion of invisibility
 f - a potion of might {unknown}


   Skills:
 + Level 0.1 Fighting
 + Level 1.6 Short Blades
 + Level 3.1 Dodging
 + Level 5.2 Stealth
 + Level 3.2 Spellcasting
 + Level 4.0 Hexes


You had 3 spell levels left.
You knew the following spells:

 Your Spells              Type           Power      Damage    Failure   Level
a - Ensorcelled Hibernat  Hex/Ice        20%        N/A       11%         2
b - Confusing Touch       Hex            17%        N/A       9%          3

Your spell library contained the following spells:

 Spells                   Type           Power      Damage    Failure   Level
 Tukima's Dance           Hex            17%        N/A       9%          3
 Dazzling Flash           Conj/Hex       20%        N/A       21%         3
 Alistair's Intoxication  Tmut/Pois      1%         N/A       99%         5
 Borgnjor's Vile Clutch   Necr/Erth      1%         N/A       99%         5
 Eringya's Noxious Bog    Tmut/Pois      1%         N/A       100%        6


Dungeon Overview and Level Annotations

Branches:
Dungeon (4/15)
 Temple: D:4-7

Altars:


Innate Abilities, Weirdness & Mutations

You are very small and have problems with some larger weapons.
You are too small for most types of armour.
You have supernaturally acute eyesight. (SInv)
You cover ground extremely quickly. (Speed+++)


Message History

Confirm with . or Enter, or press ? or * to list all spells.
You don't know that spell.
Unknown command.
Casting: Ensorcelled Hibernation (safe; 11% risk of failure)
Confirm with . or Enter, or press ? or * to list all spells.
Okay, then.
The water moccasin skeleton closely misses you.
The water moccasin skeleton completely misses you.
There is a stone staircase leading up here.
You climb upwards.
There is a stone staircase leading down here.
You start resting.
HP restored.
This spell is extremely dangerous to cast!
Memorise Confusing Touch, consuming 3 spell levels and leaving 3?
You start memorising the spell.
You continue memorising. x3
You finish memorising.
Spell assigned to 'b'.
You can't go up here!
Unknown command.
Casting: Ensorcelled Hibernation (safe; 11% risk of failure)
Confirm with . or Enter, or press ? or * to list all spells.
Okay, then.
Casting: Ensorcelled Hibernation (safe; 11% risk of failure)
Confirm with . or Enter, or press ? or * to list all spells.
The spell is extremely dangerous to miscast (9% risk of failure)!
Continue anyway?
Your hands begin to glow red.
You climb downwards.
The water moccasin skeleton misses you. The water moccasin skeleton bites you.
There is a stone staircase leading up here.
You barely miss the water moccasin skeleton.
The water moccasin skeleton bites you.
You are too injured to fight recklessly!
You are too injured to fight recklessly!
You are too injured to fight recklessly!
You completely miss the water moccasin skeleton.
The water moccasin skeleton bites you.
* * * LOW HITPOINT WARNING * * *
You hit the water moccasin skeleton but do no damage.
The water moccasin skeleton bites you.
You die...

#. . . #.## .# #.
..###.### .#
#.#....$# . #.#.#
#.#...#
#.###.#...###...
#...............#
####..@.........
###Z.#####..#
#..# ?# #.<# ...#
##.## ..# ###


You could see a water moccasin skeleton.

Vanquished Creatures
  A jelly (D:4)
  4 giant cockroaches
  A goblin (D:1)
  A ball python (D:2)
  A bat (D:2)
  A frilled lizard (D:1)
  2 kobolds
  2 rats (D:2)
13 creatures vanquished.

Notes
Turn   | Place    | Note
-------+----------+-------------------------------------------
     0 | D:1      | lordive the Spriggan Enchanter began the quest for the Orb.
     0 | D:1      | Reached XP level 1. HP: 9/9 MP: 5/5
   513 | D:2      | Reached XP level 2. HP: 11/13 MP: 7/7
   516 | D:2      | Learned a level 2 spell: Ensorcelled Hibernation
   803 | D:2      | Found a faded altar of an unknown god.
  1008 | D:4      | Reached skill level 5 in Stealth
  1008 | D:4      | Reached XP level 3. HP: 16/16 MP: 8/8
  1059 | D:3      | Learned a level 3 spell: Confusing Touch
  1064 | D:4      | Slain by a water moccasin skeleton

Illustrated notes

Levels and vault maps discovered:
D:1:      amcnicky_arrival_wind_blow, layout_loops_ring,
          minmay_misc_feat_columns
D:2:      layout_loops_ring, dreamdust_ecumenical_altar_angels_and_demons
D:3:      minmay_chambers_of_threes, layout_loops_ring, uniq_robin
D:4:      layout_loops_ring, led_xom_imps, marbit_many_paths,
          minmay_diced_spiral

Skill      XL: |  1  2 |
---------------+-------+-----
Spellcasting   | 3 |  3.2
Dodging        | 3 |  3.1
Stealth        | 5 |  5.2
Hexes          | 4 |  4.0
Fighting       | |  0.1
Short Blades   | |  1.6

Action                   || total
-------------------------++-------
Melee: Dagger            ||    42
 Cast: Ensorcelled Hiber ||     5
       Confusing Touch   ||     1
 Stab: Sleeping          ||     6
Armor: Robe              ||     8
Dodge: Dodged            ||    30

Table legend: (Time is in decaauts)
 A = Elapsed time spent in this place.
 B = Non-inter-level travel time spent in this place.
 C = Inter-level travel time spent in this place.
 D = Time resting spent in this place.
 E = Time spent auto-exploring this place.
 F = Levels seen in this place.
 G = Mean time per level.
                   A        B        C        D        E       F      G
               +--------+--------+--------+--------+--------+-----+--------+
         Total |    831 |    811 |     20 |    180 |    464 |   4 |  207.8 |
       Dungeon |    831 |    811 |     20 |    180 |    464 |   4 |  207.8 |
               +--------+--------+--------+--------+--------+-----+--------+

Top non-repeatable levels by time:
     D:2: 512 daAuts
     D:1: 224 daAuts
     D:3: 82 daAuts
     D:4: 12 daAuts
